 Dungeon Crawl Stone Soup version 0.29-a0-289-g2178c42546 (webtiles) character file.

Game seed: 12388180615805449802

177 Dabor the Shield-Bearer (level 5, -6/34 HPs)
             Began as a Gargoyle Fighter on Mar 17, 2022.
             Killed by divine providence
             ... invoked by an orc priest
              (15 damage)
             ... on level 3 of the Dungeon.
             The game lasted 00:03:49 (2329 turns).

Dabor the Shield-Bearer (Gargoyle Fighter)          Turns: 2329, Time: 00:03:50

Health: -6/34      AC: 14    Str: 21    XL:     5   Next: 57%
Magic:  5/5        EV:  9    Int:  9    God:
Gold:   160        SH:  4    Dex:  9    Spells: 4/4 levels left

rFire   . . .      SeeInvis .   a - +0 flail
rCold   x x .      Faith    .   c - +0 buckler
rNeg    + . .      Spirit   .   b - +0 scale mail
rPois   ∞          Reflect  .   (no helmet)
rElec   +          Harm     .   o - +2 cloak
rCorr   .          Rampage  .   (no gloves)
Will    .....                   (no boots)
Stlth   ..........              (no amulet)
HPRegen 0.11/turn               (no ring)
MPRegen 0.09/turn               (no ring)

@: mighty
A: sickness immunity, AC +4, negative energy resistance 1, electricity
resistance, torment resistance 1, petrification resistance, [cold vulnerability
2]
a: no special abilities


You were on level 3 of the Dungeon.
You visited 1 branch of the dungeon, and saw 3 of its levels.

You collected 160 gold pieces.

Inventory:

Hand Weapons
 a - a +0 flail (weapon)
Armour
 b - a +0 scale mail (worn)
 c - a +0 buckler (worn)
 o - a +2 cloak (worn)
Scrolls
 h - 5 scrolls of identify {unknown}
 i - 2 scrolls of amnesia {unknown}
 l - 2 scrolls of fear {unknown}
Potions
 e - a potion of attraction {unknown}
 f - a potion of magic {unknown}
 g - 4 potions of degeneration {unknown}
 j - 2 potions of heal wounds {unknown}
 k - a potion of haste {unknown}
 m - a potion of berserk rage {unknown}
 n - a potion of curing {unknown}


   Skills:
 + Level 4.3 Fighting
 + Level 3.2 Maces & Flails
 + Level 4.3 Armour
 + Level 4.4 Shields


You had 4 spell levels left.
You didn't know any spells.
Your spell library was empty.

Dungeon Overview and Level Annotations

Branches:
Dungeon (3/15)

Altars:
Qazlal

Shops:
D:1 :


Innate Abilities, Weirdness & Mutations

You are immune to sickness and miasma.
Your stone body is resilient. (AC +4)
You are immune to poison.
You resist negative energy. (rN+)
You are resistant to electric shocks. (rElec)
You are resistant to unholy torment.
You are immune to petrification.
[You are very vulnerable to cold. (rC--)]


Message History

The orc closely misses you.
You barely miss the orc priest.
A quokka comes into view.
The orc priest hits you with a +0 mace. The orc hits you with a +0 mace.
The orc hits you but does no damage.
An adder comes into view.
You thump the orc priest!
The orc priest is almost dead.
The orc priest calls down the wrath of Beogh upon you.
Beogh smites you! The orc hits you but does no damage.
The orc barely misses you.
You are too injured to fight recklessly!
You are too injured to fight recklessly!
The orc priest attacks as you move away!
The orc priest hits you with a +0 mace.
Things that are here:
a +0 dagger; a goblin corpse The quokka bites you.
* * * LOW HITPOINT WARNING * * *
You block the quokka's attack. You block the quokka's attack.
The orc throws a boomerang.
The boomerang hits you but does no damage.
The quokka attacks as you move away! You block the quokka's attack.
You feel very mighty all of a sudden. The orc hits you but does no damage.
You thump the orc!
You kill the orc!
The adder misses you.
You closely miss the adder. The adder barely misses you.
You miss the adder. You block the adder's attack. The adder bites you.
* * * LOW HITPOINT WARNING * * *
You barely miss the adder. The adder bites you but does no damage.
You block the adder's attack.
You barely miss the adder.
The orc priest looks encouraged for a moment.
The adder closely misses you.
The orc priest calls down the wrath of Beogh upon you.
Beogh smites you!
You die...

........)...##..#
........#.#.##..#
#####
...#...###...#).#
#...# ......# #......#
###.<.### ..#.#
#.o.##.###.......#
...##
#.#o###...........# .#
..##r# #####.......#
...# #S# ###...###
.### #@# #...#
......<.# ##.##
#.######## #.# #.# #.#
#.# ### #.# #.# ##.##
#.# #.#######...## #.#
#.##......).(# #.#
#########.##.####...##
#.#


You could see an orc priest, an adder, an orc and a quokka.

Vanquished Creatures
  An ogre (D:3)
  3 adders
  A worm (D:2)
  6 orcs (D:3)
  6 ball pythons
  9 endoplasms
  2 giant cockroaches
  7 hobgoblins
  3 bats
  2 frilled lizards
  9 goblins
  2 kobolds (D:1)
  2 rats
53 creatures vanquished.

Notes
Turn   | Place    | Note
-------+----------+-------------------------------------------
     0 | D:1      | Dabor the Gargoyle Fighter began the quest for the Orb.
     0 | D:1      | Reached XP level 1. HP: 14/14 MP: 1/1
   140 | D:1      | Reached XP level 2. HP: 18/19 MP: 2/2
   589 | D:1      | Found Wigyred's Book Boutique.
  1237 | D:2      | Reached XP level 3. HP: 21/23 MP: 3/3
  1648 | D:2      | Reached XP level 4. HP: 26/29 MP: 4/4
  2069 | D:3      | Noticed an ogre
  2079 | D:3      | Killed an ogre
  2080 | D:3      | Reached XP level 5. HP: 33/33 MP: 5/5
  2096 | D:3      | Found a faded altar of an unknown god.
  2102 | D:3      | Prayed at the altar of an unknown god.
  2102 | D:3      | Became a worshipper of Qazlal Stormbringer
  2102 | D:3      | Reached * piety under Qazlal
  2103 | D:3      | Fell from the grace of Qazlal
  2329 | D:3      | Killed from afar by an orc priest

Illustrated notes

Levels and vault maps discovered:
D:1:      heliophobic_arrival_enchanted_forest, layout_basic, serial_shops,
          nicolae_shop_statue_plus, minmay_misc_feat_room
D:2:      layout_rooms, minmay_between
D:3:      layout_loops_ring, chequers_ecumenical_altar_simple_redux,
          dk_noncrumbling_3, grunt_decor_clamped

Skill      XL: |  1  2  3  4 |
---------------+-------------+-----
Shields        | 4 |  4.4
Fighting       | 4 |  4.3
Maces & Flails | 3 |  3.2
Armour         | 4 |  4.3

Action                   |  1- 3 |  4- 6 || total
-------------------------+-------+-------++-------
Melee: Flail             |   105 |    76 ||   181
Invok: Renounce Religion |       |     1 ||     1
  Use: Potion            |       |     1 ||     1
Armor: Scale mail        |    80 |    35 ||   115
Dodge: Dodged            |    60 |    39 ||    99
Block: Buckler           |    24 |    15 ||    39

Table legend: (Time is in decaauts)
 A = Elapsed time spent in this place.
 B = Non-inter-level travel time spent in this place.
 C = Inter-level travel time spent in this place.
 D = Time resting spent in this place.
 E = Time spent auto-exploring this place.
 F = Levels seen in this place.
 G = Mean time per level.
                   A        B        C        D        E       F      G
               +--------+--------+--------+--------+--------+-----+--------+
         Total |   2385 |   2321 |     64 |    215 |   1492 |   3 |  795.0 |
       Dungeon |   2385 |   2321 |     64 |    215 |   1492 |   3 |  795.0 |
               +--------+--------+--------+--------+--------+-----+--------+

Top non-repeatable levels by time:
     D:1: 1143 daAuts
     D:2: 737 daAuts
     D:3: 504 daAuts
